 Dungeon Crawl Stone Soup version 0.31-a0-765-g67fe2935dc (webtiles) character file.

Game seed: 3600781317077442933

56 randomguy2701 the Conjurer (level 3, 0/21 HPs)
             Began as an Octopode Conjurer on Sept 15, 2023.
             Slain by a goblin
             ... wielding a +0 club
             ... led by Robin
              (2 damage)
             ... on level 3 of the Dungeon.
             The game lasted 00:01:38 (2021 turns).

randomguy2701 the Conjurer (Octopode Conjurer)      Turns: 2021, Time: 00:01:39

Health: 0/21       AC:  1    Str:  6    XL:     3   Next: 97%
Magic:  1/6        EV: 13    Int: 22    God:
Gold:   148        SH:  0    Dex: 10    Spells: 5/6 levels left

rFire   . . .        (no weapon)
rCold   . . .        (no shield)
rNeg    . . .        (helmet restricted)
rPois   .            (no amulet)
rElec   .            (no ring)
rCorr   .            (no ring)
SInv    .            (no ring)
Will    .....        (no ring)
Stlth   +++          (no ring)
HPRegen 0.23/turn    (no ring)
MPRegen 0.10/turn    (no ring)
                     (no ring)

%: no passive effects
@: no status effects
A: almost no armour, amphibious, 8 rings, camouflage 1, gelatinous body 1,
(nimble swimmer 1), tentacles
a: no special abilities


You were on level 3 of the Dungeon.
You visited 1 branch of the dungeon, and saw 3 of its levels.

You collected 148 gold pieces.

Inventory:

Scrolls
 c - a scroll of blinking {unknown}
 d - 2 scrolls of identify {unknown}
 g - a scroll of torment {unknown}
Potions
 a - a potion of magic
 b - a potion of ambrosia {unknown}
 e - a potion of curing {unknown}
 f - a potion of berserk rage {unknown}


   Skills:
 + Level 2.4 Dodging
 + Level 2.9 Stealth
 + Level 2.3 Spellcasting
 + Level 4.9 Conjurations


You had 5 spell levels left.
You knew the following spells:

 Your Spells              Type           Power      Damage    Failure   Level
a - Magic Dart            Conj           96%        1d7       1%          1

Your spell library contained the following spells:

 Spells                   Type           Power      Damage    Failure   Level
 Searing Ray              Conj           48%        2d6       2%          2
 Kiss of Death            Conj/Necr      52%        2d9       4%          1
 Dazzling Flash           Conj/Hex       26%        N/A       14%         3
 Confusing Touch          Hex            2%         N/A       36%         3
 Fulminant Prism          Conj/Hex       6%         3d7       43%         4
 Iskenderun's Mystic Bla  Conj/Tloc      13%        2d5       43%         4
 Dispel Undead            Necr           2%         3d7       78%         4


Dungeon Overview and Level Annotations

Branches:
Dungeon (3/15)

Altars:

Annotations:
D:3 Robin


Innate Abilities, Weirdness & Mutations

You cannot wear most types of armour.
You are amphibious.
You can wear up to eight rings at the same time.
Your skin changes colour to match your surroundings (Stealth+).
Your rubbery body absorbs attacks. (AC +1, EV +1)
((You are camouflaged when in or above water. (Stealth+)))
You have tentacles for arms and can constrict up to eight enemies at once.


Message History

You hear a shout!
The magic dart hits the kobold.
You kill the kobold!
Robin throws the goblin at you! The goblin barely misses you.
The magic dart hits the goblin.
You kill the goblin!
A goblin comes into view. It is wielding a +0 club.
The magic dart hits the goblin.
The goblin is severely wounded.
The magic dart hits the goblin.
You kill the goblin!
The magic dart hits the goblin.
The goblin is severely wounded.
Robin points. "Kill!"
A goblin comes into view. It is wielding a +0 club.
The magic dart hits the goblin!
You kill the goblin!
The goblin shouts!
You hear a shout!
The goblin hits you with a +0 club. Robin throws the goblin at you!
The goblin hits you with a +0 club. The goblin barely misses you.
The goblin attacks as it pursues you! The goblin barely misses you.
The goblin attacks as it pursues you! The goblin misses you.
The goblin attacks as it pursues you! The goblin hits you with a +0 club.
The goblin attacks as it pursues you! The goblin hits you with a +0 club.
Robin roars a battlecry!
The goblins go into a battle-frenzy!
The goblin attacks as it pursues you! The goblin hits you with a +0 club!
* * * LOW HITPOINT WARNING * * *
You are too injured to fight recklessly!
Aiming: Magic Dart (safe; 1% risk of failure)
Press: ? - help, Q - select action Shift-Dir - straight line, f - goblin
Aim: a goblin, wielding a +0 club (strong, 100% to hit)
The magic dart hits the goblin.
The goblin is heavily wounded.
The goblin closely misses you. Robin throws the goblin at you!
* * * LOW HITPOINT WARNING * * *
The goblin completely misses you. The goblin attacks as it pursues you!
The goblin hits you with a +0 club.
You die...

#..#..# #.#
###.)#.
#.####### #..#
# ###.g8..g.#
#..
#......88.#
##.
###(####8.# .
#(..# #..#.#
##### #..#.#
#gg#.# #@g#.#
#.8#.# #..#.#
#..#.# #....#
.###########.#
.......<.....#
##############


You could see Robin and 3 goblins.

Vanquished Creatures
  3 adders (D:2)
  3 endoplasms
  6 goblins
  4 hobgoblins
  4 kobolds
  4 bats
  2 frilled lizards
  2 rats
  A spectral goblin (D:2)
29 creatures vanquished.

Notes
Turn   | Place    | Note
-------+----------+-------------------------------------------
     0 | D:1      | randomguy2701 the Octopode Conjurer began the quest for the
                  | Orb.
     0 | D:1      | Reached XP level 1. HP: 11/11 MP: 3/3
   350 | D:1      | Reached XP level 2. HP: 17/17 MP: 0/5
  1216 | D:2      | Reached XP level 3. HP: 21/21 MP: 1/6
  1357 | D:2      | Found a faded altar of an unknown god.
  1995 | D:3      | Noticed Robin
  2021 | D:3      | Slain by a goblin

Illustrated notes

Levels and vault maps discovered:
D:1:      minmay_arrival_cross, layout_basic
D:2:      layout_basic, dreamdust_ecumenical_altar_drowned_temple
D:3:      wad_crossroads, layout_loops_ring,
          mainiacjoe_overflow_six_doors_small, nicolae_ru_awakened_eye,
          minmay_misc_feat_room, chequers_decorated_corner,
          uniq_crazy_yiuf_cottage, uniq_robin

Action                     || total
---------------------------++-------
  Melee: Unarmed           ||     3
         Constrict         ||     1
         Tentacles         ||     1
   Cast: Magic Dart        ||    57
 Armour: Skin              ||    14
  Dodge: Dodged            ||    15

Table legend: (Time is in decaauts)
 A = Elapsed time spent in this place.
 B = Non-inter-level travel time spent in this place.
 C = Inter-level travel time spent in this place.
 D = Time resting spent in this place.
 E = Time spent auto-exploring this place.
 F = Levels seen in this place.
 G = Mean time per level.
                   A        B        C        D        E       F      G
               +--------+--------+--------+--------+--------+-----+--------+
         Total |   2020 |   1990 |     30 |      0 |   1835 |   3 |  673.3 |
       Dungeon |   2020 |   1990 |     30 |      0 |   1835 |   3 |  673.3 |
               +--------+--------+--------+--------+--------+-----+--------+

Top non-repeatable levels by time:
     D:2: 1045 daAuts
     D:1: 899 daAuts
     D:3: 75 daAuts
